| TOP OF THE 1ST |
|
Rochester Red Wings batting - Pitching for Syracuse Chiefs : RHP Ernie McAnally
|
|
Pitching: RHP Ernie McAnally
|
|
|
Batting: RHB Johnnie LeMaster
|
0-0: Ball 1-0: Ground out 1-3 (Groundball, 15S, EV 73.1 MPH)
|
|
Batting: LHB Ed Amelung
|
0-0: SOLO HOME RUN (Flyball, 9LD, EV 85.6 MPH), Distance : 361 ft
|
|
Batting: SHB Jordan Ayala
|
0-0: Called Strike 0-1: Ball 1-1: Ball 2-1: Called Strike 2-2: Fly out, F8 (Flyball, 8LS, EV 91.9 MPH)
|
|
Batting: RHB Gerry Davis
|
0-0: Called Strike 0-1: Foul Ball, location: 2F 0-2: Ball 1-2: Strikes out swinging
|
| Top of the 1st over - 1 run, 1 hit, 0 errors, 0 left on base; Rochester 1 - Syracuse 0 |
| BOTTOM OF THE 1ST |
|
Syracuse Chiefs batting - Pitching for Rochester Red Wings : RHP Manny Hernandez
|
|
Pitching: RHP Manny Hernandez
|
|
|
Batting: LHB Darryl Strawberry
|
0-0: Ball 1-0: Ball 2-0: Ball 3-0: Called Strike 3-1: Base on Balls
|
|
Batting: RHB Phil Garner
|
0-0: Foul Ball, location: 2F 0-1: Ball 1-1: Foul Ball, location: 2F 1-2: Foul Ball, location: 2F 1-2: Ball 2-2: 2-RUN HOME RUN (Flyball, 78XD, EV 109.4 MPH), Distance : 430 ft
|
|
Batting: RHB Hubie Brooks
|
0-0: Ball 1-0: Called Strike 1-1: Ground out 6-3 (Groundball, 6, EV 96.9 MPH)
|
|
Batting: RHB Dave Meier
|
0-0: Called Strike 0-1: Ball 1-1: Ground out 6-3 (Groundball, 6, EV 81.3 MPH)
|
|
Batting: RHB Bobby Grich
|
0-0: Called Strike 0-1: Ball 1-1: Fly out, F7 (Flyball, 78S, EV 92.5 MPH)
|
| Bottom of the 1st over - 2 runs, 1 hit, 0 errors, 0 left on base; Rochester 1 - Syracuse 2 |
| TOP OF THE 2ND |
|
Rochester Red Wings batting - Pitching for Syracuse Chiefs : RHP Ernie McAnally
|
|
Batting: LHB Sid Bream
|
0-0: Ball 1-0: Fly out, F6 (Popup, 6M, EV 63.1 MPH)
|
|
Batting: RHB Joe Carter
|
0-0: Ground out 3-1 (Groundball, 34, EV 80.6 MPH)
|
|
Batting: LHB Dave Falcone
|
0-0: Called Strike 0-1: Ball 1-1: Ground out 3-1 (Groundball, 34S, EV 84.4 MPH)
|
| Top of the 2nd over - 0 runs, 0 hits, 0 errors, 0 left on base; Rochester 1 - Syracuse 2 |
| BOTTOM OF THE 2ND |
|
Syracuse Chiefs batting - Pitching for Rochester Red Wings : RHP Manny Hernandez
|
|
Batting: LHB Paul O'Neill
|
0-0: Ball 1-0: Swinging Strike 1-1: Ball 2-1: Ball 3-1: Fly out, F9 (Flyball, 9D, EV 95.6 MPH)
|
|
Batting: RHB LaRue Washington
|
0-0: Ball 1-0: Swinging Strike 1-1: Ball 2-1: Ground out 5-3 (Groundball, 5L, EV 80.0 MPH)
|
|
Batting: LHB Danny Goodwin
|
0-0: Ball 1-0: Ball 2-0: Ball 3-0: Called Strike 3-1: Fly out, F1 (Line Drive, P, EV 65.0 MPH)
|
| Bottom of the 2nd over - 0 runs, 0 hits, 0 errors, 0 left on base; Rochester 1 - Syracuse 2 |
| TOP OF THE 3RD |
|
Rochester Red Wings batting - Pitching for Syracuse Chiefs : RHP Ernie McAnally
|
|
Batting: RHB Tom Brookens
|
0-0: SINGLE (Groundball, 6MD, EV 100.6 MPH)
|
|
Batting: RHB Jerry Dybzinski
|
0-0: Ball 1-0: Called Strike 1-1: Fielders Choice at 2nd, 5-4 (Groundball, 5, EV 91.3 MPH)
|
|
Batting: RHB Johnnie LeMaster
|
0-0: Called Strike 0-1: Swinging Strike 0-2: Fielders Choice at 2nd, 4-6 (Groundball, 4M, EV 108.1 MPH)
|
|
Batting: LHB Ed Amelung
|
0-0: Called Strike 0-1: Called Strike 0-2: Fly out, F7 (Flyball, 7S, EV 80.0 MPH)
|
| Top of the 3rd over - 0 runs, 1 hit, 0 errors, 1 left on base; Rochester 1 - Syracuse 2 |
| BOTTOM OF THE 3RD |
|
Syracuse Chiefs batting - Pitching for Rochester Red Wings : RHP Manny Hernandez
|
|
Batting: LHB Jon Jimenez
|
0-0: Ball 1-0: Foul Ball, location: 2F 1-1: Ball 2-1: Foul Ball, location: 2F 2-2: Foul Ball, location: 2F 2-2: Ground out U3 (Groundball, 34, EV 84.4 MPH)
|
|
Batting: LHB Darryl Strawberry
|
0-0: Called Strike 0-1: Ball 1-1: Foul Ball, location: 2F 1-2: Ball 2-2: SINGLE (Flyball, 56D, EV 91.9 MPH)
|
|
Batting: RHB Phil Garner
|
0-0: Ball 1-0: SINGLE (Line Drive, 3L, EV 98.8 MPH) Darryl Strawberry to second
|
|
Batting: RHB Hubie Brooks
|
0-0: Ball Darryl Strawberry steals 3rd base Phil Garner to second 1-0: Ball 2-0: Called Strike 2-1: Foul Ball, location: 2F 2-2: SINGLE (Flyball, 3D, EV 89.4 MPH) Darryl Strawberry scores Phil Garner to third
|
|
Batting: RHB Dave Meier
|
0-0: Foul Ball, location: 2F 0-1: Ball 1-1: Foul Ball, location: 2F 1-2: Foul Ball, location: 2F 1-2: Ball 2-2: Strikes out swinging
|
|
Batting: RHB Bobby Grich
|
0-0: Ball 1-0: Called Strike 1-1: Ball 2-1: Ball 3-1: Swinging Strike 3-2: Ground out 4-3 (Groundball, 4, EV 79.4 MPH)
|
| Bottom of the 3rd over - 1 run, 3 hits, 0 errors, 2 left on base; Rochester 1 - Syracuse 3 |
| TOP OF THE 4TH |
|
Rochester Red Wings batting - Pitching for Syracuse Chiefs : RHP Ernie McAnally
|
|
Batting: SHB Jordan Ayala
|
0-0: Fly out, F4 (Popup, 4S, EV 79.4 MPH)
|
|
Batting: RHB Gerry Davis
|
0-0: Ball 1-0: Fly out, F9 (Flyball, 9D, EV 101.3 MPH)
|
|
Batting: LHB Sid Bream
|
0-0: Ball 1-0: Ball 2-0: Called Strike 2-1: Ball 3-1: SOLO HOME RUN (Flyball, 89XD, EV 100.0 MPH), Distance : 438 ft
|
|
Batting: RHB Joe Carter
|
0-0: Called Strike 0-1: Ground out 5-3 (Groundball, 56, EV 91.9 MPH)
|
| Top of the 4th over - 1 run, 1 hit, 0 errors, 0 left on base; Rochester 2 - Syracuse 3 |
| BOTTOM OF THE 4TH |
|
Syracuse Chiefs batting - Pitching for Rochester Red Wings : RHP Manny Hernandez
|
|
Batting: LHB Paul O'Neill
|
0-0: Fly out, F6 (Popup, P, EV 73.8 MPH)
|
|
Batting: RHB LaRue Washington
|
0-0: Called Strike 0-1: Foul Ball, location: 2F 0-2: Ball 1-2: Ball 2-2: Strikes out swinging
|
|
Batting: LHB Danny Goodwin
|
0-0: Called Strike 0-1: Ball 1-1: Called Strike 1-2: Foul Ball, location: 2F 1-2: Strikes out swinging
|
| Bottom of the 4th over - 0 runs, 0 hits, 0 errors, 0 left on base; Rochester 2 - Syracuse 3 |
| TOP OF THE 5TH |
|
Rochester Red Wings batting - Pitching for Syracuse Chiefs : RHP Ernie McAnally
|
|
Batting: LHB Dave Falcone
|
0-0: Ball 1-0: Ball 2-0: Ball 3-0: Called Strike 3-1: Foul Ball, location: 2F 3-2: Foul Ball, location: 2F 3-2: Ground out U3 (Groundball, 3L, EV 89.4 MPH)
|
|
Batting: RHB Tom Brookens
|
0-0: Ball 1-0: Reached on error, E6 (Groundball, 6, EV 82.5 MPH)
|
|
Batting: RHB Jerry Dybzinski
|
0-0: Called Strike 0-1: Ball 1-1: Fly out, F7 (Flyball, 7S, EV 92.5 MPH)
|
|
Batting: RHB Johnnie LeMaster
|
0-0: Called Strike 0-1: Called Strike 0-2: Fly out, F8 (Line Drive, 8RM, EV 90.0 MPH)
|
| Top of the 5th over - 0 runs, 0 hits, 1 error, 1 left on base; Rochester 2 - Syracuse 3 |
| BOTTOM OF THE 5TH |
|
Syracuse Chiefs batting - Pitching for Rochester Red Wings : RHP Manny Hernandez
|
|
Batting: LHB Jon Jimenez
|
0-0: Called Strike 0-1: Foul Ball, location: 2F 0-2: Foul Ball, location: 2F 0-2: Ball 1-2: Fly out, F8 (Line Drive, 8RM, EV 95.0 MPH)
|
|
Batting: LHB Darryl Strawberry
|
0-0: Ground out 6-3 (Groundball, 6M, EV 79.4 MPH)
|
|
Batting: RHB Phil Garner
|
0-0: Ball 1-0: Fly out, F7 (Line Drive, 7, EV 91.3 MPH)
|
| Bottom of the 5th over - 0 runs, 0 hits, 0 errors, 0 left on base; Rochester 2 - Syracuse 3 |
| TOP OF THE 6TH |
|
Rochester Red Wings batting - Pitching for Syracuse Chiefs : RHP Ernie McAnally
|
|
Batting: LHB Ed Amelung
|
0-0: Foul Ball, location: 2F 0-1: SOLO HOME RUN (Flyball, 7D, EV 106.3 MPH), Distance : 414 ft
|
|
Batting: SHB Jordan Ayala
|
0-0: Ball 1-0: Called Strike 1-1: Fly out, F9 (Line Drive, 9, EV 86.3 MPH)
|
|
Batting: RHB Gerry Davis
|
0-0: Ball 1-0: Called Strike 1-1: Foul Ball, location: 2F 1-2: Foul Ball, location: 2F 1-2: Strikes out looking
|
|
Batting: LHB Sid Bream
|
0-0: Ball 1-0: Ball 2-0: Called Strike 2-1: Called Strike 2-2: Foul Ball, location: 2F 2-2: Foul Ball, location: 2F 2-2: Ball 3-2: Base on Balls
|
|
Batting: RHB Joe Carter
|
0-0: Ball 1-0: Fly out, F3 (Popup, 34S, EV 87.5 MPH)
|
| Top of the 6th over - 1 run, 1 hit, 0 errors, 1 left on base; Rochester 3 - Syracuse 3 |
| BOTTOM OF THE 6TH |
|
Syracuse Chiefs batting - Pitching for Rochester Red Wings : RHP Manny Hernandez
|
|
Batting: RHB Hubie Brooks
|
0-0: Ball 1-0: Called Strike 1-1: Foul Ball, location: 2F 1-2: Ball 2-2: SINGLE (Groundball, 56, EV 105.0 MPH) (infield hit)
|
|
Batting: RHB Dave Meier
|
0-0: Ball 1-0: SINGLE (Flyball, 8LS, EV 93.8 MPH) Hubie Brooks to second
|
|
Batting: RHB Bobby Grich
|
0-0: Called Strike 0-1: Ball 1-1: Called Strike 1-2: Foul Ball, location: 2F 1-2: Foul Ball, location: 2F 1-2: Ball 2-2: Strikes out swinging
|
|
Batting: LHB Paul O'Neill
|
0-0: Ball Hubie Brooks steals 3rd base Dave Meier to second 1-0: SINGLE (Groundball, 34D, EV 99.4 MPH) Hubie Brooks scores Dave Meier to third Runner from 3rd tries for Home, SAFE, throw by RF to home
|
|
Batting: RHB LaRue Washington
|
0-0: Ball 1-0: Called Strike 1-1: DOUBLE (Line Drive, 9LM, EV 95.0 MPH) Paul O'Neill to third Paul O'Neill scores
|
|
Pitching: RHP Duane Theiss
|
|
|
Batting: LHB Danny Goodwin
|
0-0: Ball LaRue Washington is caught stealing 3rd base 2-5 1-0: Called Strike 1-1: Foul Ball, location: 2F 1-2: Fly out, F6 (Popup, 6, EV 75.6 MPH)
|
| Bottom of the 6th over - 3 runs, 4 hits, 0 errors, 0 left on base; Rochester 3 - Syracuse 6 |
| TOP OF THE 7TH |
|
Rochester Red Wings batting - Pitching for Syracuse Chiefs : RHP Ernie McAnally
|
|
Batting: LHB Dave Falcone
|
0-0: Called Strike 0-1: Ball 1-1: DOUBLE (Flyball, 8RXD, EV 115.0 MPH)
|
|
Batting: RHB Tom Brookens
|
0-0: Swinging Strike 0-1: Ball 1-1: Foul Ball, location: 2F 1-2: Strikes out swinging
|
|
Batting: RHB Jerry Dybzinski
|
0-0: Fly out, F7 (Flyball, 78M, EV 86.3 MPH)
|
|
Batting: RHB Johnnie LeMaster
|
0-0: Fly out, F9 (Flyball, 9D, EV 83.1 MPH)
|
| Top of the 7th over - 0 runs, 1 hit, 0 errors, 1 left on base; Rochester 3 - Syracuse 6 |
| BOTTOM OF THE 7TH |
|
Syracuse Chiefs batting - Pitching for Rochester Red Wings : RHP Duane Theiss
|
|
Batting: LHB Jon Jimenez
|
0-0: Ball 1-0: Ball 2-0: Called Strike 2-1: Ball 3-1: Called Strike 3-2: Foul Ball, location: 2F 3-2: Strikes out swinging
|
|
Batting: LHB Darryl Strawberry
|
0-0: Fly out, F9 (Flyball, 89D, EV 97.5 MPH)
|
|
Batting: RHB Phil Garner
|
0-0: Foul Ball, location: 2F 0-1: Ground out 5-3 (Groundball, 56S, EV 64.4 MPH)
|
| Bottom of the 7th over - 0 runs, 0 hits, 0 errors, 0 left on base; Rochester 3 - Syracuse 6 |
| TOP OF THE 8TH |
|
Rochester Red Wings batting - Pitching for Syracuse Chiefs : RHP Ernie McAnally
|
|
Batting: LHB Ed Amelung
|
0-0: Ball 1-0: Ball 2-0: Ball 3-0: Base on Balls
|
|
Batting: SHB Jordan Ayala
|
0-0: Ball 1-0: Called Strike 1-1: Foul Ball, location: 2F 1-2: SINGLE (Line Drive, 9LM, EV 105.6 MPH) Ed Amelung to second
|
|
Batting: RHB Gerry Davis
|
0-0: Called Strike 0-1: Foul Ball, location: 2F 0-2: Ball 1-2: Strikes out swinging
|
|
Batting: LHB Sid Bream
|
0-0: Ball 1-0: Ball Wild Pitch! Ed Amelung to third Jordan Ayala to second 2-0: Foul Ball, location: 2F 2-1: Called Strike 2-2: Foul Ball, location: 2F 2-2: Foul Ball, location: 2F 2-2: Ground out 1-3 (Groundball, 15, EV 67.5 MPH)
|
|
Batting: RHB Joe Carter
|
0-0: SINGLE (Line Drive, 7LS, EV 100.6 MPH) Ed Amelung scores Jordan Ayala to third Runner from 3rd tries for Home, SAFE, throw by LF to home Joe Carter to second
|
|
Batting: LHB Dave Falcone
|
0-0: Ball 1-0: Ball 2-0: SINGLE (Groundball, 4MD, EV 93.8 MPH) Joe Carter to third Runner from 3rd tries for Home, SAFE, throw by CF to home
|
|
Pitching: LHP Jimmy Key
|
|
|
Batting: RHB Tom Brookens
|
0-0: Foul Ball, location: 2F 0-1: Ball 1-1: Foul Ball, location: 2F 1-2: Fielders Choice at 2nd, 6-4 (Groundball, 56, EV 103.1 MPH)
|
| Top of the 8th over - 3 runs, 3 hits, 0 errors, 1 left on base; Rochester 6 - Syracuse 6 |
| BOTTOM OF THE 8TH |
|
Syracuse Chiefs batting - Pitching for Rochester Red Wings : RHP Duane Theiss
|
|
Batting: RHB Hubie Brooks
|
0-0: Ball 1-0: Fly out, F7 (Flyball, 7, EV 91.3 MPH)
|
|
Batting: RHB Dave Meier
|
0-0: Called Strike 0-1: Ball 1-1: Called Strike 1-2: Reached on error, E6 (Flyball, 56D, EV 79.4 MPH)
|
|
Batting: RHB Bobby Grich
|
0-0: Ball 1-0: Foul Ball, location: 2F 1-1: Ball 2-1: Foul Ball, location: 2F 2-2: Ball 3-2: Base on Balls Dave Meier to second
|
|
Pitching: LHP Mac Scarce
|
|
|
Batting: LHB Paul O'Neill
|
0-0: Ball 1-0: Ball 2-0: Ball 3-0: Foul Ball, location: 2F 3-1: Fielders Choice at 2nd, 6-4 (Groundball, 6M, EV 103.1 MPH) Dave Meier to third
|
|
Batting: RHB LaRue Washington
|
0-0: Ball 1-0: Ball 2-0: Swinging Strike 2-1: Ball 3-1: Called Strike 3-2: Foul Ball, location: 2F 3-2: Base on Balls Paul O'Neill to second
|
|
Batting: LHB Danny Goodwin
|
0-0: Called Strike 0-1: Called Strike 0-2: Ball 1-2: Ball 2-2: Ball 3-2: Strikes out swinging
|
| Bottom of the 8th over - 0 runs, 0 hits, 1 error, 3 left on base; Rochester 6 - Syracuse 6 |
| TOP OF THE 9TH |
|
Rochester Red Wings batting - Pitching for Syracuse Chiefs : LHP Jimmy Key
|
|
Pitching: RHP Mel Stottlemyre Sr
|
|
|
Pinch Hitting: RHB Pat Casey
|
0-0: Called Strike 0-1: Foul Ball, location: 2F 0-2: Ball 1-2: Ball 2-2: Fly out, F9 (Flyball, 9, EV 97.5 MPH)
|
|
Pinch Hitting: RHB Marc Rhea
|
0-0: Ball 1-0: Called Strike 1-1: Ball 2-1: SINGLE (Flyball, 89S, EV 97.5 MPH)
|
|
Batting: LHB Ed Amelung
|
0-0: Ball 1-0: Called Strike 1-1: Foul Ball, location: 2F 1-2: Fly out, F7 (Flyball, 7S, EV 94.4 MPH)
|
|
Batting: SHB Jordan Ayala
|
0-0: Called Strike 0-1: Ball 1-1: Ball 2-1: Ground out 4-3 (Groundball, 4, EV 110.0 MPH)
|
| Top of the 9th over - 0 runs, 1 hit, 0 errors, 1 left on base; Rochester 6 - Syracuse 6 |
| BOTTOM OF THE 9TH |
|
Syracuse Chiefs batting - Pitching for Rochester Red Wings : LHP Mac Scarce
|
|
Now at 2B: Dave Miele
|
|
|
Now at 3B: Marc Rhea
|
|
|
Pinch Hitting: RHB Hector Cruz
|
0-0: Called Strike 0-1: Ball 1-1: Called Strike 1-2: Foul Ball, location: 2F 1-2: Foul Ball, location: 2F 1-2: Foul Ball, location: 2F 1-2: Strikes out looking
|
|
Batting: LHB Darryl Strawberry
|
0-0: Ball 1-0: Fly out, F9 (Flyball, 89D, EV 106.3 MPH)
|
|
Batting: RHB Phil Garner
|
0-0: Swinging Strike 0-1: Reached on error, E3 (Groundball, 34S, EV 70.0 MPH)
|
|
Batting: RHB Hubie Brooks
|
Pickoff Throw to First - Out! 1-3
|
| Bottom of the 9th over - 0 runs, 0 hits, 1 error, 0 left on base; Rochester 6 - Syracuse 6 |
| TOP OF THE 10TH |
|
Rochester Red Wings batting - Pitching for Syracuse Chiefs : RHP Mel Stottlemyre Sr
|
|
Now at SS: Hector Cruz
|
|
|
Batting: RHB Gerry Davis
|
0-0: Ball 1-0: Called Strike 1-1: Called Strike 1-2: Strikes out swinging
|
|
Batting: LHB Sid Bream
|
0-0: Ball 1-0: Ball 2-0: Called Strike 2-1: Fly out, F4 (Popup, 4M, EV 65.6 MPH)
|
|
Batting: RHB Joe Carter
|
0-0: Foul Ball, location: 2F 0-1: Ground out 5-3 (Groundball, 5L, EV 75.6 MPH)
|
| Top of the 10th over - 0 runs, 0 hits, 0 errors, 0 left on base; Rochester 6 - Syracuse 6 |
| BOTTOM OF THE 10TH |
|
Syracuse Chiefs batting - Pitching for Rochester Red Wings : LHP Mac Scarce
|
|
Pitching: LHP Ray Searage
|
|
|
Batting: RHB Hubie Brooks
|
0-0: Foul Ball, location: 2F 0-1: Ground out 1-3 (Groundball, 13S, EV 70.0 MPH)
|
|
Batting: RHB Dave Meier
|
0-0: Called Strike 0-1: Foul Ball, location: 2F 0-2: Foul Ball, location: 2F 0-2: Strikes out swinging
|
|
Batting: RHB Bobby Grich
|
0-0: Ground out 1-3 (Groundball, 13S, EV 64.4 MPH)
|
| Bottom of the 10th over - 0 runs, 0 hits, 0 errors, 0 left on base; Rochester 6 - Syracuse 6 |
| TOP OF THE 11TH |
|
Rochester Red Wings batting - Pitching for Syracuse Chiefs : RHP Mel Stottlemyre Sr
|
|
Batting: LHB Dave Falcone
|
0-0: Called Strike 0-1: SINGLE (Line Drive, 4MD, EV 98.1 MPH)
|
|
Batting: RHB Tom Brookens
|
0-0: Called Strike 0-1: SINGLE (Groundball, 56, EV 90.6 MPH) (infield hit) Dave Falcone to second
|
|
Batting: RHB Dave Miele
|
0-0: Sac Bunt to 2R - play at first, batter OUT! 2-4 Dave Falcone to third Tom Brookens to second
|
|
Batting: RHB Marc Rhea
|
0-0: Ball 1-0: Foul Ball, location: 2F 1-1: SINGLE (Groundball, 34S, EV 89.4 MPH) (infield hit) Dave Falcone scores Tom Brookens to third
|
|
Batting: LHB Ed Amelung
|
0-0: Ball 1-0: Foul Ball, location: 2F 1-1: Ball 2-1: Fielders Choice at 2nd, 4-6 (Groundball, 4M, EV 86.3 MPH) Tom Brookens scores
|
|
Batting: SHB Jordan Ayala
|
0-0: Foul Ball, location: 2F 0-1: Foul Ball, location: 2F 0-2: Ball 1-2: Ball Ed Amelung steals 2nd base 2-2: Foul Ball, location: 2F 2-2: Ground out 4-3 (Groundball, 4, EV 84.4 MPH)
|
| Top of the 11th over - 2 runs, 3 hits, 0 errors, 1 left on base; Rochester 8 - Syracuse 6 |
| BOTTOM OF THE 11TH |
|
Syracuse Chiefs batting - Pitching for Rochester Red Wings : LHP Ray Searage
|
|
Now in CF: Mario Delgado
|
|
|
Batting: LHB Paul O'Neill
|
0-0: Ball 1-0: Ball 2-0: Foul Ball, location: 2F 2-1: Ball 3-1: Fly out, F8 (Flyball, 8LS, EV 77.5 MPH)
|
|
Batting: RHB LaRue Washington
|
0-0: Ball 1-0: Called Strike 1-1: Called Strike 1-2: Fly out, F7 (Flyball, 78M, EV 86.3 MPH)
|
|
Batting: LHB Danny Goodwin
|
0-0: Ball 1-0: Ground out 4-3 (Groundball, 4, EV 83.8 MPH)
|
| Bottom of the 11th over - 0 runs, 0 hits, 0 errors, 0 left on base; Rochester 8 - Syracuse 6 |
|